 Dungeon Crawl Stone Soup version 0.22-a0-538-g76cc104 (webtiles) character file.

127 kae the Insei (level 4, -1/32 HPs)
             Began as a Demonspawn Transmuter on June 23, 2018.
             Slain by an ogre
             ... wielding a +0 giant spiked club
              (24 damage)
             ... on level 4 of the Dungeon.
             The game lasted 00:03:57 (3975 turns).

kae the Insei (Demonspawn Transmuter)               Turns: 3975, Time: 00:03:58

Health: -1/32      AC:  2    Str: 10    XL:     4   Next: 85%
Magic:  2/7        EV: 19    Int: 15    God:
Gold:   168        SH:  0    Dex: 19    Spells: 1/7 levels left

rFire    + . .     SeeInvis .     - Unarmed
rCold    . . .     Gourm    .   (shield currently unavailable)
rNeg     . . .     Faith    .   (armour currently unavailable)
rPois    x         Spirit   .   (helmet currently unavailable)
rElec    .         Reflect  .   (cloak currently unavailable)
rCorr    .         Harm     .   (gloves currently unavailable)
MR       .....                  (boots currently unavailable)
Stlth    ++........             (no amulet)
HPRegen  0.10/turn              h - ring of protection from fire
MPRegen  0.10/turn              (no ring)

@: spider-form
A: tiny
a: End Transformation


You were on level 4 of the Dungeon.
You were not hungry.
You were a venomous arachnid creature.
You visited 1 branch of the dungeon, and saw 4 of its levels.

You collected 168 gold pieces.

Inventory:

Missiles
 a - 68 arrows
Armour
 b - a +0 robe
 g - a +0 leather armour (melded)
 i - a +0 plate armour
Jewellery
 h - a ring of protection from fire (left front leg)
 k - a cursed -2 ring of evasion {unknown}
 o - a cursed -6 ring of intelligence {unknown}
Scrolls
 f - 2 scrolls of remove curse
 m - 2 scrolls of identify
 p - a scroll of teleportation
Potions
 c - a potion of heal wounds {unknown}
 e - 2 potions of curing
 j - a potion of agility {unknown}
 l - 2 potions of resistance
 n - a potion of brilliance {unknown}
 q - a potion of flight {unknown}
 r - 2 potions of ambrosia {unknown}
Comestibles
 d - 3 rations


   Skills:
 - Level 1.0 Fighting
 - Level 1.7 Dodging
 * Level 4.5 Unarmed Combat
 - Level 2.0 Spellcasting
 + Level 3.0 Transmutations


You had one spell level left.
You knew the following spells:

 Your Spells              Type           Power        Failure   Level  Hunger
a - Beastly Appendage     Tmut           ##....       17%         1    #......
b - Sticks to Snakes      Tmut           ##......     24%         2    ###....
c - Spider Form           Tmut/Pois      #.........   56%         3    ###....

Your spell library contained the following spells:

 Spells                   Type           Power        Failure   Level  Hunger
 Blade Hands              Tmut           ##........   96%         5    ######.
 Ice Form                 Ice/Tmut       #.......     89%         4    #####..


Dungeon Overview and Level Annotations

Branches:
Dungeon (4/15)
 Temple: D:4-7

Altars:
Elyvilon
Gozag
Trog
The Shining One


Innate Abilities, Weirdness & Mutations

((You have sharp toenails.))


Message History

You eat one of the 4 rations.
That ration really hit the spot!
The ogre shouts!
Casting: Beastly Appendage (safe; 9% risk of failure)
Confirm with . or Enter, or press ? or * to list all spells.
You turn into a venomous arachnid creature.
Your +0 leather armour melds into your body.
Casting: Spider Form (quite dangerous; 56% risk of failure)
Confirm with . or Enter, or press ? or * to list all spells.
You create a snake!
You now have 68 arrows.
The ogre completely misses you.
You bite the ogre!
The ogre is poisoned.
The ogre is moderately wounded.
The ogre hits you with a giant spiked club!
Your ball python bites the ogre.
You hit the ogre.
The ogre looks as sick as possible!
The ogre is heavily wounded.
Your ball python bites the ogre.
The ogre hits you with a giant spiked club!!
Ouch! That really hurt!
You die...

.....
..........####
#...
........#.#
.....
.##.....#.#
...# ##....#.#
..# ######.#
#.# #.# #
##.## # #.O.#
# #Ss.# #
.........# #
######...#
#...# #####


You could see an ogre and a friendly ball python.

Vanquished Creatures
  Robin (D:1)
  2 adders
  An ooze (D:3)
  3 worms
  2 dart slugs
  2 leopard geckos (D:2)
  2 orcs
  A ball python (D:2)
  3 giant cockroaches
  21 goblins
  10 hobgoblins
  3 jackals (D:2)
  3 kobolds
  A quokka (D:3)
  4 bats
  4 frilled lizards
  9 rats
72 creatures vanquished.

Notes
Turn   | Place    | Note
-------+----------+-------------------------------------------
     0 | D:1      | kae the Demonspawn Transmuter began the quest for the Orb.
     0 | D:1      | Reached XP level 1. HP: 15/15 MP: 3/3
   307 | D:1      | Reached skill level 3 in Unarmed Combat
   466 | D:1      | Mutation became permanent: You have razor-sharp toenails. [demonic ancestry]
   466 | D:1      | Gained mutation: You have claws for feet. [demonic ancestry]
   466 | D:1      | Reached XP level 2. HP: 19/21 MP: 3/5
  1031 | D:2      | Reached XP level 3. HP: 16/26 MP: 6/6
  1237 | D:2      | Noticed Robin
  1338 | D:1      | Killed Robin
  1586 | D:2      | Reached skill level 4 in Unarmed Combat
  1592 | D:2      | Reached XP level 4. HP: 29/32 MP: 7/7
  1902 | D:2      | Found a glowing golden altar of the Shining One.
  2012 | D:2      | Found a white marble altar of Elyvilon.
  2892 | D:3      | Learned a level 2 spell: Sticks to Snakes
  2896 | D:3      | Learned a level 3 spell: Spider Form
  2960 | D:3      | Found a bloodstained altar of Trog.
  3220 | D:3      | Found an opulent altar of Gozag.
  3406 | D:4      | Noticed a phantom
  3464 | D:4      | HP: 1/32 [phantom (2)]
  3929 | D:4      | Noticed an ogre
  3975 | D:4      | Slain by an ogre

Vault maps used:
D:1:      lightli_arrival_quake
D:2:      cheibrodos_helix_gallery, chequers_temple_overflow_statue_of_worship,
          uniq_robin
D:3:      nicolae_gozag_cash_rules_everything_around_me, first_ration,
          trog_three_pillars_becter
D:4:      nicolae_ru_sacrificial_ziggurat, minmay_temple_entry_glass

Skill      XL: |  1  2  3  4 |
---------------+-------------+-----
Unarmed Combat | 3 4 |  4.5
Transmutations | 2 3 |  3.0
Fighting       | |  1.0
Dodging        | |  1.7
Spellcasting   | |  2.0

Action                   |  1- 3 |  4- 6 || total
-------------------------+-------+-------++-------
Melee: Unarmed           |   129 |   182 ||   311
       Kick              |    24 |    30 ||    54
       Headbutt          |     1 |       ||     1
       Punch             |     1 |       ||     1
 Cast: Beastly Appendage |    11 |       ||    11
       Spider Form       |       |     1 ||     1
       Sticks to Snakes  |       |     1 ||     1
  Use: Scroll            |       |     6 ||     6
  Eat: Chunk             |     2 |     6 ||     8
       Ration            |       |     1 ||     1
Armor: Leather armour    |     5 |       ||     5
       Robe              |     1 |       ||     1
       Plate armour      |    65 |   122 ||   187
Dodge: Dodged            |    27 |    13 ||    40

Table legend:
 A = Spawn XP
 B = Non-spawn XP
 C = Spawn XP percentage of total XP
 D = Spawn monster count
 E = Non-spawn monster count
 F = Spawn count percentage of total count
 G = Total turns spent on level
                    A         B        C        D         E        F      G
               +---------+---------+-------+---------+---------+-------+---------
         Total |       0 |     182 |   0.0 |       0 |      72 |   0.0 |  3975
               +---------+---------+-------+---------+---------+-------+---------
           D:1 |       0 |      42 |   0.0 |       0 |      18 |   0.0 |  1051
           D:2 |       0 |      82 |   0.0 |       0 |      33 |   0.0 |  1209
           D:3 |       0 |      53 |   0.0 |       0 |      19 |   0.0 |  1556
           D:4 |       0 |       5 |   0.0 |       0 |       2 |   0.0 |   159
               +---------+---------+-------+---------+---------+-------+---------
